AoeStats
← Spencer

MegaRandom

509930017Analyzed
2v2 RM · 5d ago on Sep 28, 2026· 36m 51s· 4 players
Game mode
Random Map
Map size
Medium (4 player)
Population
200
Speed
Normal
Resources
Standard
Victory
Conquest
Starting age
Dark Age
Ending age
Imperial Age
RankedLock teamsTeams togetherTeam positionsShared explorationLock speedFull tech treeHidden civsTurbo modeCheats
Victory
Defeat
🇩🇪 Vietnamese · Germany
1245
+15
🇩🇪 Khmer · Germany
1245
+15
🇹🇷 Persians · Türkiye
1242
-15
🇺🇸 Mongols · United States
1219
-15
ppjohnn
10:01 Feudal Age
18:43 Castle Age
18:16 Horse Collar
19:18 Double-Bit Axe
26:36 Fletching
27:37 Bodkin Arrow
30:57 Padded Archer Armor
32:40 Husbandry
32:51 Bloodlines
345legolas345
4:30 Loom
9:48 Feudal Age
10:17 Double-Bit Axe
11:42 Horse Collar
17:31 Castle Age
Spencer
7:24 Loom
10:13 Feudal Age
11:15 Double-Bit Axe
15:33 Fishing Lines
19:19 Castle Age
17:53 Gold Mining
18:41 Horse Collar
20:21 Bloodlines
21:19 Bow Saw
22:09 Scale Barding Armor
23:08 Husbandry
24:49 Forging
25:02 Chain Barding Armor
29:49 Forging
30:04 Heavy Plow
36:29 Imperial Age
34:48 Stone Mining
36:21 Iron Casting
36:28 Wheelbarrow
35:39 Town Watch
35:51 Town Watch
36:40 Cavalier
Hill
9:35 Loom
11:35 Feudal Age
12:24 Loom
12:27 Double-Bit Axe
13:31 Fletching
20:42 Castle Age
22:45 Squires
23:07 Scale Mail Armor
24:06 Chain Mail Armor
24:24 Forging
26:55 Town Watch
29:34 Arson
32:51 Gold Mining
Connection lost

Rejoining the realm…

Still unreachable

The connection could not be restored.

Session expired

The server has moved on; the page needs a fresh start.